 Dungeon Crawl Stone Soup version 0.14-a0-2564-g94087c3 (webtiles) character file.

338 Lektor the Slasher (level 5, -12/38 HPs)
             Began as a Demonspawn Skald on Feb 11, 2014.
             Killed by divine providence
             ... invoked by an orc priest
              (13 damage)
             ... on Level 3 of the Dungeon.
             The game lasted 00:13:21 (3080 turns).

Lektor the Slasher (Demonspawn Skald)               Turns: 3080, Time: 00:13:21

HP -12/38        AC  8     Str 12      XL: 5   Next: 47%
MP   9/9         EV 14     Int 11 (14) God:
Gold 140         SH  0     Dex 18      Spells:  1 memorised,  7 levels left

rFire  . . .     SeeInvis .     a - +0 falchion
rCold  + . .     Clarity  .     h - +1 ring mail {rF+}
rNeg   . . .     Conserve .     (no shield)
rPois  .         rCorr    .     (no helmet)
rElec  .         rRot     .     (no cloak)
SustAb . .       Spirit   .     (no gloves)
rMut   .         Warding  .     (no boots)
Saprov + . .     Stasis   .     (no amulet)
MR     .....                    (no ring)
                                v - ring of ice

@: agile, very poisoned, not resistant to hostile enchantments, fairly stealthy
A: thin metallic scales 1, saprovore 1, spit poison 1
a: Spit Poison


You were on level 3 of the Dungeon.
You were not hungry.

You visited 1 branch of the dungeon, and saw 3 of its levels.

You collected 140 gold pieces.

Inventory:

Hand weapons
 a - a +0,+0 falchion (weapon)
 g - a +0,+0 sling
 w - a +0,+3 orcish dagger of venom
Missiles
 m - 19 stones (quivered)
 p - 13 poisoned needles
 s - 17 sling bullets
Armour
 b - a +0 leather armour
 h - a +1 ring mail of fire resistance (worn)
Comestibles
 d - 3 bread rations
 n - 12 grapes
Scrolls
 e - 2 scrolls of teleportation {unknown}
 i - a scroll of remove curse {unknown}
 j - a scroll of recharging {unknown}
 k - 2 scrolls of immolation {unknown}
 l - a scroll of enchant weapon II {unknown}
 o - a scroll of curse armour {unknown}
 q - 2 scrolls of curse weapon {unknown}
 t - a scroll of identify {unknown}
Jewellery
 v - a ring of ice (left hand)
Potions
 f - a potion of flight
Books
 c - a book of Battle

   Spells                             Type                      Level
   *Infusion                          Charms                       1
   Shroud of Golubria                 Charms/Translocation         2
   Song of Slaying                    Charms                       2
   Spectral Weapon                    Hexes/Charms                 3
   Regeneration                       Charms/Necromancy            3


   Skills:
 - Level 2.1 Fighting
 + Level 5.1 Long Blades
 - Level 0.8 Armour
 - Level 0.8 Dodging
 - Level 2.0 Spellcasting
 - Level 2.8 Charms


You had 7 spell levels left.
You knew the following spells:

 Your Spells              Type           Power        Failure   Level  Hunger
a - Infusion              Chrm           #.....       17%         1    ##.....


Dungeon Overview and Level Annotations

Branches:
Dungeon (3/16)

Altars:
Fedhas


Innate Abilities, Weirdness & Mutations

You are partially covered in thin metallic scales (AC +2).
You can tolerate rotten meat.
You can spit poison.


Message History

It was a potion of agility.
* * * LOW HITPOINT WARNING * * *
You feel very sick.
You feel a little better.
The orc priest becomes somewhat translucent.
Drink which item? (? for menu, Esc to quit)
There was something very wrong with that liquid!
You feel dopey.
It was a potion of degeneration.
* * * LOW HITPOINT WARNING * * *
You feel very sick.
The orc priest calls down the wrath of Beogh upon you.
Pain shoots through your body!
* * * LOW HITPOINT WARNING * * *
* * * LOW HITPOINT WARNING * * *
You feel sick.
You feel a little better.
The orc priest calls down the wrath of Beogh upon you.
Something smites you!
You die...

#....#.##....[...#.....
#....#..)........#.#+#'
#....#..#......%.#.....
#....#..#####'####.#.#.
#....#..# #....# #.#.
#..o.# ####.###.##
#)#.## #.....# # #.#.#
####### #..#)#@#
#......# ...?..#....#
.#########.# .# .. ...
.... # #


You could see an orc priest.

Vanquished Creatures
  An orc wizard (D:3)
  An orc priest (D:3)
  7 adders
  A worm (D:3)
  3 giant geckos
  8 orcs (D:3)
  2 giant cockroaches
  6 goblins
  5 hobgoblins
  10 jackals
  A ball python (D:1)
  5 bats
  4 giant newts
  3 kobolds
  13 rats
70 creatures vanquished.

Notes
Turn   | Place    | Note
--------------------------------------------------------------
     0 | D:1      | Lektor, the Demonspawn Skald, began the quest for the Orb.
     0 | D:1      | Reached XP level 1. HP: 16/16 MP: 3/3
     1 | D:1      | Noticed a giant goldfish
   678 | D:1      | Gained mutation: You are partially covered in thin metallic scales (AC +2). [demonic ancestry]
   678 | D:1      | Reached XP level 2. HP: 16/22 MP: 4/4
  1531 | D:2      | Gained mutation: You can tolerate rotten meat. [demonic ancestry]
  1531 | D:2      | Reached XP level 3. HP: 27/27 MP: 6/6
  1550 | D:2      | Reached skill level 3 in Long Blades
  1815 | D:2      | Found a blossoming altar of Fedhas.
  1960 | D:2      | Reached XP level 4. HP: 33/33 MP: 7/7
  2073 | D:2      | Reached skill level 4 in Long Blades
  2431 | D:3      | Gained mutation: You can spit poison. [potion of beneficial mutation]
  2437 | D:3      | Reached XP level 5. HP: 11/38 MP: 9/9
  3066 | D:3      | Reached skill level 5 in Long Blades
  3080 | D:3      | HP: 1/38 [poisoned by an orc]
  3080 | D:3      | Killed from afar by an orc priest

Action                   |  1- 3 |  4- 6 || total
-------------------------+-------+-------++-------
Melee: Falchion          |   130 |   151 ||   281
 Fire: Sling             |       |     4 ||     4
Throw: Dart              |     4 |     1 ||     5
       Stone             |     2 |     5 ||     7
 Abil: Spit Poison       |       |     3 ||     3
  Use: Potion            |       |     8 ||     8
